 Dungeon Crawl Stone Soup version 0.22-b1-21-g5cfc168 (webtiles) character file.

77 letownia2 the Insei (level 4, 0/32 HPs)
             Began as a Demonspawn Transmuter on Aug 5, 2018.
             Slain by a giant cockroach (1 damage)
             ... on level 3 of the Dungeon.
             The game lasted 00:06:12 (1127 turns).

letownia2 the Insei (Demonspawn Transmuter)         Turns: 1127, Time: 00:06:14

Health: 0/32       AC:  3    Str: 11    XL:     4   Next: 14%
Magic:  6/7        EV: 11    Int: 15    God:
Gold:   179        SH:  0    Dex: 13    Spells: 3/7 levels left

rFire    . . .     SeeInvis .     - Unarmed
rCold    . . .     Gourm    .   (no shield)
rNeg     . . .     Faith    .   k - +0 leather armour (curse)
rPois    .         Spirit   .   o - +0 hat {MR+}
rElec    .         Reflect  .   (no cloak)
rCorr    .         Harm     .   (no gloves)
MR       +....     Rnd*Rage +   (no boots)
Stlth    +.........             (no amulet)
HPRegen  0.10/turn              (no ring)
MPRegen  0.10/turn              (no ring)

@: lethally poisoned (0 -> -3), drained
A: hooves 2, berserk 1, foul stench 1, wild magic 1, rot immunity, MP-powered
wands
a: no special abilities


You were on level 3 of the Dungeon.
You were not hungry.

You visited 1 branch of the dungeon, and saw 3 of its levels.

You collected 179 gold pieces.

Inventory:

Missiles
 a - 28 arrows
 f - 3 tomahawks (quivered)
 h - 23 bolts
 l - 40 sling bullets
Armour
 b - a +0 robe
 k - a cursed +0 leather armour (worn)
 o - a +0 hat of magic resistance (worn)
Scrolls
 c - 2 scrolls of noise {unknown}
 e - 4 scrolls of teleportation {unknown}
 g - 6 scrolls of identify {unknown}
 i - 3 scrolls of immolation {unknown}
 j - a scroll of enchant armour {unknown}
 n - a scroll of enchant weapon {unknown}
Comestibles
 d - 2 rations
 p - a chunk of flesh


   Skills:
 - Level 1.0(0.6) Fighting
 - Level 1.7(1.4) Dodging
 + Level 4.6(4.2) Unarmed Combat
 - Level 2.0(1.6) Spellcasting
 - Level 1.7(1.4) Transmutations


You had 3 spell levels left.
You knew the following spells:

 Your Spells              Type           Power        Failure   Level  Hunger
a - Beastly Appendage     Tmut           #.....       24%         1    ##.....
p - Spider Form           Tmut/Pois      #.........   65%         3    ####...

Your spell library contained the following spells:

 Spells                   Type           Power        Failure   Level  Hunger
 Magic Dart               Conj           #...         38%         1    ##.....
 Conjure Flame            Conj/Fire      #.......     75%         3    ####...
 Slow                     Hex            #.......     52%         2    ###....
 Mephitic Cloud           Conj/Pois/Air  #.......     75%         3    ####...
 Blink                    Tloc           N/A          52%         2    ###....
 Call Imp                 Summ           #.......     52%         2    ###....
 Blade Hands              Tmut           #.........   99%         5    ######.
 Ice Form                 Ice/Tmut       #.......     95%         4    #####..
 Sticks to Snakes         Tmut           #.......     34%         2    ###....


Dungeon Overview and Level Annotations

Branches:
Dungeon (3/15)

Altars:
Okawaru
Zin


Innate Abilities, Weirdness & Mutations

You have hoof-like feet.
You may emit foul miasma when damaged in melee.
You are immune to rotting.
You tend to lose your temper in combat.
Your spells are a little harder to cast, but a little more powerful.
You expend magic power (3 MP) to strengthen your wands.


Message History

The giant cockroach bites you.
* * * LOW HITPOINT WARNING * * *
The giant cockroach looks sick.
You hit the giant cockroach. Your kick misses the giant cockroach.
The giant cockroach is almost dead.
The giant cockroach bites you.
* * * LOW HITPOINT WARNING * * *
Unknown command.
You closely miss the giant cockroach. Your kick misses the giant cockroach.
The giant cockroach is almost dead.
* * * LOW HITPOINT WARNING * * *
You feel sick. The giant cockroach closely misses you.
Unknown command.
You feel extremely strange.
You feel more energetic.
You feel less resistant to poisons.
You feel weaker.
You feel your magical essence link to your wands.
You feel a little pissed off.
You feel less in control of your magic.
Your feet thicken and deform.
The giant cockroach bites you.
You die...

#......#
#......#
#......#
...w..# #
..... # ###
... # ... #s#
# #.# #@#
#####.#
######.#
##....#
#......#
##....##
#.######
##.....####.#
....._......#
####.....##.#
##....##.#
#....##.#


You could see a worm and a giant cockroach.

Vanquished Creatures
  3 adders
  An ooze (D:1)
  3 dart slugs (D:1)
  A ball python (D:3)
  7 bats
  5 goblins
  4 hobgoblins
  2 jackals (D:2)
  5 kobolds
  A quokka (D:2)
  2 frilled lizards
  4 rats
38 creatures vanquished.

Notes
Turn   | Place    | Note
-------+----------+-------------------------------------------
     0 | D:1      | letownia2 the Demonspawn Transmuter began the quest for the Orb.
     0 | D:1      | Reached XP level 1. HP: 15/15 MP: 3/3
   117 | D:1      | Reached skill level 3 in Unarmed Combat
   119 | D:1      | Gained mutation: You are immune to rotting. [demonic ancestry]
   119 | D:1      | Reached XP level 2. HP: 13/21 MP: 3/5
   491 | D:2      | Lost mutation: You have claws for feet. [demonic ancestry]
   491 | D:2      | Lost mutation: You have razor-sharp toenails. [demonic ancestry]
   491 | D:2      | Lost mutation: You have sharp toenails. [demonic ancestry]
   491 | D:2      | Gained mutation: You have large cloven feet. [demonic ancestry]
   491 | D:2      | Reached XP level 3. HP: 23/26 MP: 4/6
   597 | D:2      | Learned a level 3 spell: Spider Form
   680 | D:2      | Reached skill level 4 in Unarmed Combat
   761 | D:3      | Found an iron altar of Okawaru.
  1076 | D:3      | Gained mutation: You may emit foul miasma when damaged in melee. [demonic ancestry]
  1076 | D:3      | Reached XP level 4. HP: 30/32 MP: 5/7
  1088 | D:3      | Found a glowing silver altar of Zin.
  1116 | D:3      | Gained mutation: Your muscles are strong. (Str +2) [potion of mutation]
  1116 | D:3      | Gained mutation: Your magical capacity is low. (-10% MP) [potion of mutation]
  1116 | D:3      | Gained mutation: Your system is resistant to poisons. (rPois) [potion of mutation]
  1126 | D:3      | HP: 1/32 [poisoned by an adder]
  1127 | D:3      | Lost mutation: Your magical capacity is low. (-10% MP) [potion of mutation]
  1127 | D:3      | Lost mutation: Your system is resistant to poisons. (rPois) [potion of mutation]
  1127 | D:3      | Lost mutation: Your muscles are strong. (Str +2) [potion of mutation]
  1127 | D:3      | Gained mutation: You expend magic power (3 MP) to strengthen your wands. [potion of mutation]
  1127 | D:3      | Gained mutation: You tend to lose your temper in combat. [potion of mutation]
  1127 | D:3      | Gained mutation: Your spells are a little harder to cast, but a little more powerful. [potion of mutation]
  1127 | D:3      | Gained mutation: You have hoof-like feet. [potion of mutation]
  1127 | D:3      | Slain by a giant cockroach

Skill      XL: |  1  2  3 |
---------------+----------+-----
Unarmed Combat | 3 4 |  4.6
Fighting       | |  1.0
Dodging        | |  1.7
Spellcasting   | |  2.0
Transmutations | |  1.7

Action                   |  1- 3 |  4- 6 || total
-------------------------+-------+-------++-------
Melee: Unarmed           |   109 |    11 ||   120
       Headbutt          |     8 |     1 ||     9
       Kick              |    11 |     1 ||    12
Throw: Tomahawk          |     3 |       ||     3
 Cast: Beastly Appendage |    24 |     1 ||    25
  Use: Potion            |     1 |     2 ||     3
 Stab: Sleeping          |     1 |       ||     1
  Eat: Chunk             |     1 |       ||     1
Armor: Robe              |    13 |       ||    13
       Leather armour    |    10 |     2 ||    12
Dodge: Dodged            |    78 |     4 ||    82
